 Dungeon Crawl Stone Soup version 0.21-a0-186-g02e8684 (webtiles) character file.

73 Lunath the Shooter (level 4, -1/37 HPs)
             Began as a Centaur Hunter on Aug 13, 2017.
             Slain by a river rat (3 damage)
             ... on level 3 of the Dungeon.
             The game lasted 00:03:33 (1810 turns).

Lunath the Shooter (Centaur Hunter)                 Turns: 1810, Time: 00:03:33

Health: -1/37      AC:  4    Str: 16    XL:     4   Next: 8%
Magic:  4/4        EV:  9    Int: 10    God:
Gold:   82         SH:  0    Dex:  9    Spells: 3/3 levels left

rFire    . . .     SeeInvis .   b - +0 short sword
rCold    . . .     Gourm    .   (no shield)
rNeg     . . .     Faith    .   c - +0 leather armour
rPois    .         Spirit   .   (no helmet)
rElec    .         Reflect  .   (no cloak)
rCorr    .         Harm     .   (no gloves)
MR       .....                  (no barding)
Stlth    +.........             (no amulet)
HPRegen  0.12/turn              (no ring)
MPRegen  0.09/turn              (no ring)

@: very quick
A: hooves 3, deformed body, speed 2, tough skin 3
a: no special abilities


You were on level 3 of the Dungeon.
You were not hungry.

You visited 1 branch of the dungeon, and saw 3 of its levels.

You collected 82 gold pieces.

Inventory:

Hand Weapons
 a - a +1 shortbow
 b - a +0 short sword (weapon)
Missiles
 d - 19 arrows
Armour
 c - a +0 leather armour (worn)
Wands
 l - a wand of random effects (24/48)
Potions
 e - a potion of might
Comestibles
 f - a bread ration
 g - 5 chunks of flesh
 i - a meat ration


   Skills:
 + Level 2.9 Fighting
 * Level 6.8 Bows
 - Level 1.3 Dodging
 - Level 0.4 Stealth


You had 3 spell levels left.
You didn't know any spells.

Dungeon Overview and Level Annotations

Branches:
Dungeon (3/15)

Altars:

Portals:
Sewer: D:3


Innate Abilities, Weirdness & Mutations

You have hooves in place of feet.
Armour fits poorly on your strangely shaped body.
You cover ground very quickly.
You have extremely tough skin. (AC +3)


Message History

You closely miss the river rat. Your kick misses the river rat.
The river rat barely misses you. The giant cockroach closely misses you.
The river rat bites you!
* * * LOW HITPOINT WARNING * * *
You are too injured to fight recklessly!
You hit the rat but do no damage. The river rat completely misses you.
The river rat bites you.
* * * LOW HITPOINT WARNING * * *
The rat bites you.
* * * LOW HITPOINT WARNING * * *
You aren't carrying any spellbooks or scrolls.
You hit the river rat but do no damage. The river rat closely misses you.
The giant cockroach closely misses you. The river rat bites you.
* * * LOW HITPOINT WARNING * * *
The rat closely misses you. The river rat bites you.
* * * LOW HITPOINT WARNING * * *
You barely miss the river rat.
The giant cockroach bites you but does no damage.
The river rat bites you.
You die...

#.........
###....≈≈≈..
....)≈≈≈≈≈.
....≈≈∩≈≈.
...≈≈≈≈≈. #...≈≈≈..
#####........
#.r..........
#@r......#...
#sr......# .
##).......#
##.####.........##
.......<..........
...##.#.......#####
...#.##÷...# ...#
#.......# #...
###.....#


You could see 2 river rats, a giant cockroach and a rat.

Vanquished Creatures
  2 adders (D:2)
  A worm (D:2)
  3 dart slugs
  A leopard gecko (D:2)
  An orc (D:3)
  3 giant cockroaches
  3 goblins (D:1)
  6 hobgoblins
  4 jackals
  3 quokkas (D:2)
  4 bats
  4 frilled lizards
  5 kobolds
  3 rats
43 creatures vanquished.

Notes
Turn   | Place    | Note
-------+----------+-------------------------------------------
     0 | D:1      | Lunath the Centaur Hunter began the quest for the Orb.
     0 | D:1      | Reached XP level 1. HP: 17/17 MP: 1/1
    93 | D:1      | Reached XP level 2. HP: 15/24 MP: 2/2
   745 | D:1      | Reached skill level 6 in Bows
  1137 | D:2      | Reached XP level 3. HP: 25/30 MP: 3/3
  1728 | D:2      | Reached XP level 4. HP: 35/37 MP: 4/4
  1792 | D:3      | Found a glowing drain.
  1810 | D:3      | Slain by a river rat

Vault maps used:
D:1:      dpeg_arrival_simpleton_b
D:3:      chequers_ecumenical_altar_simple, portal_sewer_entry_a

Skill      XL: |  1  2 |
---------------+-------+-----
Bows           | 6 |  6.8
Fighting       | |  2.9
Dodging        | |  1.3
Stealth        | |  0.4

Action                   |  1- 3 |  4- 6 || total
-------------------------+-------+-------++-------
Melee: Short sword       |   138 |    27 ||   165
       Kick              |    26 |     2 ||    28
 Fire: Shortbow          |    14 |       ||    14
  Use: Scroll            |     6 |       ||     6
  Eat: Chunk             |     2 |       ||     2
Armor: Leather armour    |    53 |    13 ||    66
Dodge: Dodged            |    68 |    12 ||    80
